 Dungeon Crawl Stone Soup version 0.23.0 (webtiles) character file.

Game seed: 2153359116115698135

1740 Lanoc the Spear-Bearer (level 9, -1/70 HPs)
             Began as a Merfolk Berserker on Feb 15, 2019.
             Was an Elder of Trog.
             Slain by Harold
             ... wielding a +2 trident of freezing
              (6 damage)
             ... on level 7 of the Dungeon.
             The game lasted 00:10:26 (4677 turns).

Lanoc the Spear-Bearer (Merfolk Berserker)          Turns: 4677, Time: 00:10:27

Health: -1/70      AC:  8    Str: 19    XL:     9   Next: 5%
Magic:  9/9        EV: 22    Int:  6    God:    Trog [****..]
Gold:   284        SH:  0    Dex: 20    Spells: 8/8 levels left

rFire    . . .     SeeInvis .   m - +1 scythe (vamp)
rCold    . . .     Gourm    .   (shield currently unavailable)
rNeg     . . .     Faith    .   x - +2 leather armour {MR+}
rPois    .         Spirit   .   (no helmet)
rElec    .         Reflect  .   (no cloak)
rCorr    .         Harm     .   (no gloves)
MR       ++...                  (no boots)
Stlth    +++.......             (no amulet)
HPRegen  0.21/turn              g - +3 ring of protection
MPRegen  0.11/turn              o - ring of protection from magic (curse)

@: agile, lethally poisoned (-1 -> -17), berserk cooldown, slowed, very slow
A: change form in water, swift swim, stealthy swim
a: Berserk, Trog's Hand, Brothers in Arms, Renounce Religion


You were on level 7 of the Dungeon.
You worshipped Trog.
Trog was greatly pleased with you.
You were very hungry.

You visited 2 branches of the dungeon, and saw 8 of its levels.

You collected 284 gold pieces.

Inventory:

Hand Weapons
 a - a +0 spear
 m - a +1 vampiric scythe (weapon)
 p - a +2 trident of venom
Missiles
 f - 96 arrows
 k - 53 bolts
Armour
 x - a +2 leather armour of magic resistance (worn)
Jewellery
 g - a +3 ring of protection (left hand)
 o - a cursed ring of protection from magic (right hand)
Wands
 v - a wand of digging (6)
Scrolls
 e - 3 scrolls of magic mapping {unknown}
 h - 7 scrolls of identify {unknown}
 j - 3 scrolls of remove curse {unknown}
 r - a scroll of random uselessness {unknown}
 t - 2 scrolls of teleportation {unknown}
 u - a scroll of enchant weapon {unknown}
 w - a scroll of immolation {unknown}
Potions
 d - a potion of flight
 i - 2 potions of agility
 n - 3 potions of curing {unknown}
 s - a potion of might {unknown}
Comestibles
 b - 3 chunks of flesh
 c - 5 rations


   Skills:
 + Level 6.3 Fighting
 * Level 11.0 Polearms
 + Level 4.0 Armour
 + Level 7.1 Dodging


You had 8 spell levels left.
You didn't know any spells.
Your spell library was empty.

Dungeon Overview and Level Annotations

Branches:
Dungeon (7/15)             Temple (1/1) D:6

Altars:
Dithmenos
Elyvilon
Fedhas
Gozag
Hepliaklqana
Kikubaaqudgha
Makhleb
Nemelex Xobeh
Ru
Sif Muna
Uskayaw
Vehumet
Wu Jian
Xom
Yredelemnul
Zin
The Shining One

Annotations:
D:7 Harold


Message History

You are exhausted.
You feel yourself slow down.
You feel sick.
A jackal comes into view.
The hippogriff misses you.
The hippogriff pecks you but does no damage.
The hippogriff misses you. Something hits you but does no damage.
The orc closely misses you. Harold hits you but does no damage.
The water moccasin misses you.
It was a potion of agility.
You feel agile all of a sudden.
You feel sick. Something barely misses you. The water moccasin bites you.
The orc wizard points at you and mumbles some strange words.
The magic dart hits you. The hippogriff misses you. The hippogriff pecks you.
* * * LOW HITPOINT WARNING * * *
The hippogriff claws you but does no damage.
Something hits you but does no damage. The orc barely misses you.
Harold hits you from afar with a +2 trident of freezing!
* * * LOW HITPOINT WARNING * * *
Harold freezes you.
You die...

.##....#..|.#.#
.......####.#.#
..###...####.#.# #####
.............#.#......
..####.###...÷.......
#.###.##.##..###
#...#.##... ...
.#..####o..#.###### #
.>....o@{o......
.#.)..SH#.######
.§§§.≈@≈h.#
8...8...8.#
.§.≈.≈.≈h≈#
§.8...8h...
.≈.≈.≈.≈.≈..
8...8...8....


You could see Harold, a hippogriff, a water moccasin, an orc priest, an orc
wizard, an orc and 3 jackals.

Vanquished Creatures
  Prince Ribbit (D:6)
  Sigmund (D:2)
  An ice beast (D:5)
  An ogre (D:4)
  A bullfrog (D:7)
  3 scorpions
  2 crimson imps (D:6)
  A bullfrog zombie (D:5)
  2 hounds
  3 centaur skeletons
  5 orc priests
  3 jellies
  3 orc wizards
  2 iguanas (D:5)
  6 worker ants
  A hound zombie (D:6)
  A hound skeleton (D:5)
  A worker ant zombie (D:5)
  3 gnolls (D:4)
  6 adders
  A howler monkey skeleton (D:6)
  An ooze (D:2)
  An adder skeleton (D:6)
  A worm (D:2)
  2 dart slugs
  7 leopard geckos
  17 orcs
  6 giant cockroaches
  9 goblins
  10 hobgoblins
  8 kobolds
  4 quokkas
  2 ball python skeletons
  2 bats
  6 frilled lizards
  A jackal zombie (D:6)
  A leopard gecko zombie (D:6)
  9 rats
135 creatures vanquished.

Notes
Turn   | Place    | Note
-------+----------+-------------------------------------------
     0 | D:1      | Lanoc the Merfolk Berserker began the quest for the Orb.
     0 | D:1      | Reached XP level 1. HP: 18/18 MP: 1/1
   119 | D:1      | Reached XP level 2. HP: 24/24 MP: 2/2
   225 | D:1      | Reached skill level 5 in Polearms
   234 | D:1      | Reached ** piety under Trog
   356 | D:1      | Reached XP level 3. HP: 29/29 MP: 3/3
   932 | D:2      | Noticed Sigmund
   943 | D:2      | Killed Sigmund
   943 | D:2      | Reached skill level 6 in Polearms
   943 | D:2      | Reached XP level 4. HP: 37/37 MP: 4/4
   943 | D:2      | Reached XP level 5. HP: 42/42 MP: 5/5
  1007 | D:2      | Found a white marble altar of Elyvilon.
  1296 | D:3      | Found a faded altar of an unknown god.
  1330 | D:3      | Reached XP level 6. HP: 48/48 MP: 6/6
  1368 | D:3      | Reached skill level 7 in Polearms
  1546 | D:3      | Reached *** piety under Trog
  2068 | D:4      | Reached XP level 7. HP: 55/55 MP: 7/7
  2071 | D:4      | Reached skill level 8 in Polearms
  2286 | D:4      | Found a sparkling altar of Nemelex Xobeh.
  2295 | D:4      | Reached skill level 5 in Dodging
  2328 | D:4      | Reached skill level 5 in Fighting
  2412 | D:4      | Found a glowing silver altar of Zin.
  2503 | D:4      | Found a blossoming altar of Fedhas.
  2763 | D:5      | Entered Level 5 of the Dungeon
  2857 | D:5      | Reached skill level 9 in Polearms
  3025 | D:5      | Reached XP level 8. HP: 27/62 MP: 8/8
  3577 | D:6      | Reached **** piety under Trog
  3648 | D:6      | Noticed Prince Ribbit
  3790 | D:6      | Reached skill level 10 in Polearms
  3905 | D:6      | Killed Prince Ribbit
  4264 | D:6      | Found a staircase to the Ecumenical Temple.
  4273 | Temple   | Entered the Ecumenical Temple
  4312 | D:6      | Found an ornate altar of the Wu Jian Council.
  4313 | D:6      | Found a hazy altar of Hepliaklqana.
  4637 | D:7      | Reached XP level 9. HP: 69/69 MP: 9/9
  4646 | D:7      | Reached skill level 11 in Polearms
  4670 | D:7      | Noticed Harold
  4677 | D:7      | Slain by Harold

Skill      XL: |  1  2  3  4  5  6  7  8  9 |
---------------+----------------------------+-----
Dodging        | 3 4 5 7 |  7.1
Polearms       | 5 6 7 9 10 11 | 11.0
Fighting       | 4 5 6 |  6.3
Armour         | 2 3 4 |  4.0

Action                   |  1- 3 |  4- 6 |  7- 9 || total
-------------------------+-------+-------+-------++-------
Melee: Spear             |   136 |       |       ||   136
       Scythe            |       |   132 |   210 ||   342
Invok: Berserk           |     1 |     2 |     6 ||     9
       Trog's Hand       |       |     1 |       ||     1
  Use: Potion            |       |       |     3 ||     3
 Stab: Sleeping          |     2 |     3 |     3 ||     8
  Eat: Ration            |       |     2 |     1 ||     3
       Chunk             |       |     4 |    11 ||    15
Armor: Animal skin       |    16 |    35 |    26 ||    77
       Leather armour    |       |       |    60 ||    60
Dodge: Dodged            |    59 |   125 |   210 ||   394
